 Dungeon Sprint DCSS version 0.18-a0-1799-g6250cb2 (webtiles) character file.

23363 Kidiri the Unseen (level 12, 0/64 HPs)
             Began as a Spriggan Enchanter on Apr 23, 2016.
             Was the Champion of Dithmenos.
             Killed by divine providence
             ... invoked by a daeva
              (15 damage)
             ... in the Dungeon (Sprint I: "Red Sonja").
             The game lasted 00:14:59 (2173 turns).

Kidiri the Unseen (Spriggan Enchanter)              Turns: 2173, Time: 00:15:00

Health: 0/64       AC:  6    Str:  9    XL:     12   Next: 71%
Magic:  31/32      EV: 35    Int: 22    God:    Dithmenos [******]
Gold:   2475       SH: 10    Dex: 19    Spells: 10 memorised, 2 levels left

rFire  + . .     SeeInvis +     l - +0 short sword (venom)
rCold  . . .     Gourm    .     b - +1 robe
rNeg   . . .     Faith    .     m - +0 buckler
rPois  .         Spirit   .     (helmet restricted)
rElec  .         Dismiss  .     o - +2 cloak
rCorr  .         Reflect  +     (gloves unavailable)
SustAt .         Harm     .     (boots unavailable)
MR     ++...     NoTele   +     q - amulet "Irric" {Reflect *Confuse Str+5 Int+3 SH+3}
Stlth  ++++++++..               (no ring)
                                c - ring of protection from fire

@: studying Dodging, very quick, very resistant to hostile enchantments,
extraordinarily stealthy
A: unfitting armour, see invisible, herbivore 3, speed 3, slow metabolism 2
a: Shadow Step, Shadow Form, Renounce Religion


You were in the Dungeon.
You worshipped Dithmenos.
Dithmenos was exalted by your worship.
You were not hungry.

You visited 1 branch You collected 4901 gold pieces.
You spent 2426 gold pieces at shops.

Inventory:

Hand Weapons
 l - a +0 short sword of venom (weapon)
Missiles
 t - 2 throwing nets (quivered)
Armour
 b - a +1 robe (worn)
 m - a +0 buckler (worn)
 o - a +2 cloak (worn)
Jewellery
 c - a ring of protection from fire (left hand)
 q - the amulet "Irric" (around neck) {Reflect *Confuse Str+5 Int+3 SH+3}
   (You bought it in a shop in the Dungeon)

   [amulet of reflection]

   It shields you and reflects attacks.
   It affects your strength (+5).
   It affects your intelligence (+3).
   It may confuse you when you take damage.
   It affects your SH (+3).
 r - an uncursed ring of poison resistance {unknown}
Scrolls
 a - a scroll of immolation {unknown}
 j - a scroll of blinking
 n - a scroll of remove curse {unknown}
 s - a scroll of silence {unknown}
Potions
 e - 2 potions of invisibility
 f - a potion of heal wounds
 g - a potion of haste
 h - 2 potions of magic
 i - a potion of berserk rage
 k - 2 potions of curing
Books
 p - a book of Party Tricks

   Spells                             Type                      Level
   a - Summon Butterflies             Summoning                    1
   b - Apportation                    Translocation                1
   c - Tukima's Dance                 Hexes                        3
   d - Alistair's Intoxication        Transmutation/Poison         5
   e - Invisibility                   Hexes                        6
 w - a manual of Dodging
Comestibles
 d - 3 bread rations
 u - 2 fruits


   Skills:
 + Level 7.8 Fighting
 * Level 13.9 Short Blades
 + Level 7.1 Armour
 * Level 18.6 Dodging
 * Level 18.9 Stealth
 - Level 4.1 Shields
 * Level 15.1 Spellcasting
 + Level 6.7 Conjurations
 + Level 11.5 Hexes
 + Level 5.1 Charms
 + Level 5.1 Translocations
 + Level 7.6 Ice Magic
 + Level 3.3 Earth Magic
 - Level 3.3 Invocations


You had 2 spell levels left.
You knew the following spells:

 Your Spells              Type           Power        Failure   Level  Hunger
a - Corona                Hex            ######.      1%          1    None
b - Ensorcelled Hibernat  Hex/Ice        ######       1%          2    None
c - Confuse               Hex            ######..     1%          3    None
d - Tukima's Dance        Hex            ######..     1%          3    None
e - Dazzling Spray        Conj/Hex       ######..     1%          3    None
f - Passage of Golubria   Tloc           N/A          8%          4    None
g - Shroud of Golubria    Chrm/Tloc      #####.....   1%          2    None
h - Iron Shot             Conj/Erth      #####.....   87%         6    #####..
i - Shatter               Erth           ####......   100%        9    #######
j - Invisibility          Hex            ######..     8%          6    #####..


Dungeon Overview and Level Annotations

Branches:
Dungeon (1/1)

Altars:
Cheibriados
Dithmenos
Elyvilon
Fedhas
Gozag
Kikubaaqudgha
Makhleb
Nemelex Xobeh
Okawaru
Pakellas
Qazlal
Ru
Sif Muna
Trog
Vehumet
Xom
Yredelemnul
Zin
The Shining One
Jiyva

Shops:
D !%*=*[**}(=*(%}[(:

Annotations:
D Norris, Tiamat


Innate Abilities, Weirdness & Mutations

You are tiny and cannot use many weapons and most armour.
You have supernaturally acute eyesight.
You are a herbivore.
You cover ground extremely quickly.
You need consume almost no food.


Message History

You now have 2394 gold pieces (gained 27).
You see here 27 gold pieces.
You now have 2421 gold pieces (gained 27).
You see here 27 gold pieces.
You now have 2448 gold pieces (gained 27).
You see here a throwing net.
t - 2 throwing nets (gained 1)
The daeva calls down the wrath of the Shining One upon you.
The Shining One smites you!
You emit a cloud of dark smoke.
You see here 2 fruits.
u - 2 fruits The daeva calls down the wrath of the Shining One upon you.
The Shining One smites you!
* * * LOW HITPOINT WARNING * * *
You emit a cloud of dark smoke.
You see here 27 gold pieces.
You now have 2475 gold pieces (gained 27).
The daeva calls down the wrath of the Shining One upon you.
The Shining One smites you!
You die...

############################
)#..#§.§.'§§§...+..#^.+§§§§#
.##+#§####§§§§§##..+^^#§§§§##
.'..#.#.###§.§#######+#.§§§§#####
##.§'§#'#.###'#§§§## #.§§§§#...#
##+####...#@#.##@§§# ##.§§§#.∩)#
#.^§.^#...###..###§# ###+##...#
#..§§§+.....##.#A#§# #.####+#
###.§§#^....#..###.# ##+#..§.#
+.#§..###++##.##..^# ##..§.§§§§
#§#^.###..###..#+### #.^§§§§§§.
#§#..####§§###...# ##§^.§§§§§.
#§##+#..#§§#.###.# #...§.§§...
#§##.#..§...§§.#.# #......§§..


You could see a daeva.

Vanquished Creatures
  A golden dragon (D)
  A shadow dragon (D)
  4 fire giants (D)
  A lorocyproca (D)
  A hydra (D)
  2 centaur warriors (D)
  Sonja (D)
  A deep troll (D)
  7 unseen horrors (D)
  A lindwurm (D)
  An oklob plant (D)
  A gargoyle (D)
  4 demonic crawlers (D)
  2 kobold demonologists (D)
  A slime creature (D)
  2 redbacks (D)
  Sigmund (D)
  13 hogs (D)
  A yak (D)
  3 giant eyeballs (D)
  7 necrophages (D)
  A wasp (D)
  An ogre (D)
  8 jellies (D)
  Ijyb (D)
  4 ballistomycetes (D)
  A giant spore (D)
72 creatures vanquished.

Vanquished Creatures (others)
  2 wasps (D)
  A giant spore (D)
3 creatures vanquished.

Grand Total: 75 creatures vanquished

Notes
Turn   | Place    | Note
--------------------------------------------------------------
     0 | D        | Kidiri the Spriggan Enchanter began the quest for the Orb.
     0 | D        | Reached XP level 1. HP: 9/9 MP: 5/5
     2 | D        | Noticed Ijyb
    41 | D        | Killed Ijyb
    41 | D        | Reached skill level 1 in Fighting
    41 | D        | Reached skill level 5 in Stealth
    41 | D        | Reached XP level 2. HP: 14/14 MP: 2/8
    47 | D        | Learned a level 2 spell: Ensorcelled Hibernation
   101 | D        | Noticed an ogre
   114 | D        | Killed an ogre
   114 | D        | Reached skill level 1 in Armour
   114 | D        | Reached skill level 5 in Spellcasting
   114 | D        | Reached skill level 1 in Ice Magic
   114 | D        | Reached XP level 3. HP: 18/18 MP: 0/10
   114 | D        | Reached XP level 4. HP: 23/23 MP: 0/12
   121 | D        | Learned a level 3 spell: Confuse
   125 | D        | Learned a level 3 spell: Tukima's Dance
   129 | D        | Learned a level 3 spell: Dazzling Spray
   206 | D        | Noticed Sigmund
   209 | D        | Killed Sigmund
   209 | D        | Reached skill level 5 in Short Blades
   209 | D        | Reached skill level 1 in Conjurations
   209 | D        | Reached skill level 5 in Hexes
   209 | D        | Reached XP level 5. HP: 27/27 MP: 13/15
   236 | D        | Found a snail-covered altar of Cheibriados.
   236 | D        | Found a shadowy altar of Dithmenos.
   236 | D        | Noticed a slime creature
   237 | D        | Found a viscous altar of Jiyva.
   237 | D        | Found a blossoming altar of Fedhas.
   240 | D        | Became a worshipper of Dithmenos the Shadowed
   243 | D        | Killed a slime creature
   243 | D        | Reached skill level 1 in Invocations
   243 | D        | Reached XP level 6. HP: 32/32 MP: 14/17
   267 | D        | Found a deep blue altar of Sif Muna.
   269 | D        | Found a radiant altar of Vehumet.
   310 | D        | Found Ytysyuc's Food Emporium.
   310 | D        | Found a white marble altar of Elyvilon.
   310 | D        | Found a stormy altar of Qazlal.
   310 | D        | Found a burning altar of Makhleb.
   310 | D        | Found a sacrificial altar of Ru.
   310 | D        | Found an oddly glowing altar of Pakellas.
   310 | D        | Found a basalt altar of Yredelemnul.
   310 | D        | Found a glowing golden altar of the Shining One.
   310 | D        | Found a sparkling altar of Nemelex Xobeh.
   310 | D        | Found a shimmering altar of Xom.
   310 | D        | Found an opulent altar of Gozag.
   310 | D        | Found an ancient bone altar of Kikubaaqudgha.
   310 | D        | Found a glowing silver altar of Zin.
   310 | D        | Noticed a yak
   311 | D        | Found an iron altar of Okawaru.
   312 | D        | Killed a yak
   312 | D        | Reached * piety under Dithmenos
   312 | D        | Reached skill level 10 in Stealth
   312 | D        | Reached XP level 7. HP: 36/36 MP: 19/19
   313 | D        | Found a bloodstained altar of Trog.
   325 | D        | Noticed Sonja
   329 | D        | Killed Sonja
   329 | D        | Reached skill level 10 in Dodging
   329 | D        | Reached XP level 8. HP: 42/42 MP: 19/21
   350 | D        | Found Ytous's Distillery.
   371 | D        | Noticed a deep troll
   375 | D        | Killed a deep troll
   386 | D        | Found Orchai's Armour Emporium.
   393 | D        | Bought a +0 buckler for 58 gold pieces
   419 | D        | Noticed a centaur warrior
   419 | D        | Noticed a centaur warrior
   422 | D        | Killed a centaur warrior
   422 | D        | Reached ** piety under Dithmenos
   422 | D        | Reached skill level 1 in Shields
   422 | D        | Reached skill level 10 in Spellcasting
   422 | D        | Reached XP level 9. HP: 46/46 MP: 22/24
   424 | D        | Killed a centaur warrior
   424 | D        | Reached skill level 5 in Fighting
   452 | D        | Noticed an oklob plant
   454 | D        | Killed an oklob plant
   462 | D        | Reached skill level 5 in Ice Magic
   465 | D        | Reached *** piety under Dithmenos
   465 | D        | Reached skill level 10 in Short Blades
   493 | D        | Reached XP level 10. HP: 51/51 MP: 26/26
   502 | D        | Noticed an unseen horror
   502 | D        | Noticed an unseen horror
   508 | D        | Killed an unseen horror
   515 | D        | Killed an unseen horror
   515 | D        | Reached skill level 5 in Armour
   519 | D        | Reached **** piety under Dithmenos
   580 | D        | Reached ***** piety under Dithmenos
   650 | D        | Found Azauzic's Jewellery Shoppe.
   650 | D        | Found Maothol's Assorted Antiques.
   650 | D        | Found Mumaumut's Assorted Antiques.
   652 | D        | Found Leciyrie's Armour Emporium.
   652 | D        | Found Usot's Assorted Antiques.
   652 | D        | Found Zolera's General Store.
   652 | D        | Found Zaschoupn's Gadget Boutique.
   652 | D        | Found Doexugor's Weapon Emporium.
   652 | D        | Found Lorphigh's Jewellery Shop.
   652 | D        | Found Jonaecai's General Store.
   656 | D        | Found Oblor's Weapon Boutique.
   657 | D        | Found Ujur's Gadget Emporium.
   657 | D        | Found Roogidwa's Food Boutique.
   658 | D        | Found Vilayca's Weapon Emporium.
   662 | D        | Bought the amulet "Irric" {Reflect *Confuse Str+5 Int+3 SH+3} for 432 gold pieces
   664 | D        | Bought a scroll of identify for 26 gold pieces
   678 | D        | Bought a papyrus book for 360 gold pieces
   833 | D        | Reached skill level 15 in Stealth
   861 | D        | Reached skill level 5 in Conjurations
   867 | D        | Reached ****** piety under Dithmenos
  1003 | D        | Noticed a lindwurm
  1007 | D        | Killed a lindwurm
  1007 | D        | Reached XP level 11. HP: 56/56 MP: 28/28
  1037 | D        | Noticed a 12-headed hydra
  1039 | D        | Killed a 12-headed hydra
  1039 | D        | Reached skill level 15 in Dodging
  1039 | D        | Reached skill level 10 in Hexes
  1128 | D        | Bought an uncursed ring of fire for 250 gold pieces
  1440 | D        | Noticed a shadow dragon
  1440 | D        | Noticed a golden dragon
  1442 | D        | Killed a golden dragon
  1445 | D        | Killed a shadow dragon
  1539 | D        | Found Sysitt's Book Shoppe.
  1559 | D        | Bought a book of the Earth for 650 gold pieces
  1559 | D        | Bought a book of Spatial Translocations for 650 gold pieces
  1564 | D        | Learned a level 4 spell: Passage of Golubria
  1567 | D        | Learned a level 2 spell: Shroud of Golubria
  1574 | D        | Learned a level 6 spell: Iron Shot
  1584 | D        | Learned a level 9 spell: Shatter
  1793 | D        | Noticed Norris
  1793 | D        | Noticed a lorocyproca
  1804 | D        | Killed a lorocyproca
  1804 | D        | Reached skill level 1 in Charms
  1804 | D        | Reached skill level 1 in Translocations
  1804 | D        | Reached skill level 1 in Earth Magic
  1804 | D        | Reached XP level 12. HP: 61/63 MP: 31/31
  2056 | D        | Noticed a daeva
  2074 | D        | Noticed a fire giant
  2077 | D        | Noticed a fire giant
  2077 | D        | Noticed a fire giant
  2077 | D        | Noticed a fire giant
  2078 | D        | Killed a fire giant
  2080 | D        | Killed a fire giant
  2081 | D        | Killed a fire giant
  2084 | D        | Killed a fire giant
  2084 | D        | Reached skill level 15 in Spellcasting
  2084 | D        | Reached skill level 5 in Charms
  2084 | D        | Reached skill level 5 in Translocations
  2094 | D        | Noticed Tiamat
  2120 | D        | Learned a level 6 spell: Invisibility
  2173 | D        | Killed from afar by a daeva

Vault maps used:
D:        dungeon_sprint_1

Skill      XL: |  1  2  3  4  5  6  7  8  9 10 11 12 |
---------------+-------------------------------------+-----
Fighting       | 1 2 3 4 5 6 7 |  7.8
Short Blades   | 2 4 5 6 7 9 10 11 13 | 13.9
Dodging        | 4 6 7 8 9 10 11 12 14 16 18 | 18.6
Stealth        | 5 7 8 9 10 11 13 14 15 17 18 | 18.9
Spellcasting   | 4 5 6 7 8 10 11 12 14 15 | 15.1
Hexes          | 4 5 6 7 8 9 10 11 | 11.5
Armour         | 1 2 3 4 5 6 7 |  7.1
Ice Magic      | 1 2 3 4 5 6 7 |  7.6
Conjurations   | 1 2 3 4 5 6 |  6.7
Invocations    | 1 2 3 |  3.3
Shields        | 1 2 3 4 |  4.1
Charms         | 1 5 |  5.1
Translocations | 1 5 |  5.1
Earth Magic    | 1 3 |  3.3

Action                   |  1- 3 |  4- 6 |  7- 9 | 10-12 || total
-------------------------+-------+-------+-------+-------++-------
Melee: Dagger            |    30 |     5 |     1 |       ||    36
       Short sword       |       |       |     8 |   114 ||   122
 Cast: Corona            |     5 |       |       |       ||     5
       Ensorcelled Hiber |     4 |     2 |       |     8 ||    14
       Dazzling Spray    |       |       |       |    12 ||    12
       Confuse           |       |       |       |     2 ||     2
       Shroud of Golubri |       |       |       |     1 ||     1
       Passage of Golubr |       |       |       |     2 ||     2
Invok: Shadow Step       |       |       |       |     4 ||     4
  Use: Potion            |     1 |       |       |     3 ||     4
       Scroll            |       |       |       |     2 ||     2
 Stab: Sleeping          |     1 |     5 |     9 |    46 ||    61
       Invisible         |       |       |       |     6 ||     6
       Confused          |       |       |       |     1 ||     1
Armor: Robe              |     2 |       |     1 |     6 ||     9
Dodge: Dodged            |    22 |     1 |       |    77 ||   100
Block: Other             |       |       |       |     2 ||     2
       Buckler           |       |       |       |     3 ||     3
       Reflection        |       |       |       |     2 ||     2
